 Dungeon Crawl Stone Soup version 0.30-a0-953-g5f1da4a474 (webtiles) character file.

Game seed: 3026855895780763692

66 IdlyInterested the Slasher (level 3, -4/28 HPs)
             Began as a Demonspawn Gladiator on Mar 28, 2023.
             Slain by a gnoll
             ... wielding a +0 flail
              (9 damage)
             ... on level 2 of the Dungeon.
             The game lasted 00:03:12 (1532 turns).

IdlyInterested the Slasher (Demonspawn Gladiator)   Turns: 1532, Time: 00:03:14

Health: -4/28      AC:  4    Str: 14    XL:     3   Next: 96%
Magic:  3/3        EV: 12    Int:  9    God:
Gold:   54         SH:  0    Dex: 16    Spells: 2/2 levels left

rFire   . . .      SeeInvis .    a - +0 long sword
rCold   . . .      Faith    .    (no shield)
rNeg    . . .      Spirit   .    b - +0 leather armour
rPois   .          Reflect  .    c - +0 helmet
rElec   .          Rampage  .    (no cloak)
rCorr   .                        (no gloves)
Will    .....                    (no boots)
Stlth   ++                       (no amulet)
HPRegen 0.24/turn                (no ring)
MPRegen 0.08/turn                (no ring)

@: no status effects
A: ignite blood 1
a: no special abilities


You were on level 2 of the Dungeon.
You visited 1 branch of the dungeon, and saw 2 of its levels.

You collected 54 gold pieces.

Inventory:

Hand Weapons
 a - a +0 long sword (weapon)
Missiles
 d - 3 throwing nets
 e - a javelin
 f - 3 boomerangs of dispersal
 h - 22 stones (quivered)
 i - 3 poisoned darts
Armour
 b - a +0 leather armour (worn)
 c - a +0 helmet (worn)
Scrolls
 j - a scroll of identify
Potions
 g - a potion of attraction


   Skills:
 + Level 2.5 Fighting
 * Level 3.6 Long Blades
 - Level 2.0 Throwing
 - Level 1.0 Armour
 - Level 2.6 Dodging
 * Level 1.0 Stealth


You had 2 spell levels left.
You didn't know any spells.
Your spell library was empty.

Dungeon Overview and Level Annotations

Branches:
Dungeon (2/15)

Altars:


Innate Abilities, Weirdness & Mutations

Your demonic aura sometimes causes spilled blood to erupt in flames.


Message History

A frilled lizard comes into view.
A frilled lizard is nearby!
The frilled lizard hisses angrily.
The frilled lizard bites you.
You slash the frilled lizard!
You kill the frilled lizard!
You see here a frilled lizard corpse.
You see here the +1 robe "Ohymegicw" {Int+3}.
Found a stone staircase leading down.
A gnoll comes into view. It is wielding a +0 spear.
A gnoll comes into view. It is wielding a +0 club.
The gnoll moves out of view.
The gnoll shouts! x2; You hear a shout!
A gnoll comes into view. It is wielding a +0 flail.
You hear a shout!
The gnoll hits you from afar with a +0 spear.
The gnoll closely misses you.
You closely miss the gnoll. The gnoll hits you with a +0 spear.
A gnoll comes into view. It is wielding a +0 halberd.
The gnoll closely misses you.
You hit the gnoll but do no damage. The gnoll hits you but does no damage.
You hit the gnoll.
The gnoll is moderately wounded.
The gnoll is engulfed in blazing flames.
You kill the gnoll!
Training target 2.0 for Throwing reached!
Your Throwing skill increases to level 2!
The gnoll barely misses you. The gnoll hits you with a +0 flail.
You see here a +0 spear.
You closely miss the gnoll. The gnoll closely misses you. x2
You hit the gnoll.
The gnoll is heavily wounded.
The gnoll closely misses you. The gnoll misses you.
You hit the gnoll.
The gnoll is severely wounded.
The gnoll hits you from afar with a +0 halberd.
The gnoll hits you with a +0 flail.
* * * LOW HITPOINT WARNING * * *
The gnoll hits you with a +0 flail!
You die...

#....# #.# #..... #....# #.#+##
#..... ####....# #....##.....#
######## #.......# #....##.....#
#....... #.###...###....##.....#
#.###### ##.###...##.....##.....#
#.###### #....#...##..#'# #.....#
#.#.....
####.##........###g....###.#.####
#.##.........@gg....+.........
#.##........###..<..##.##.####
#.##........# ######..........
#.##.>......# #.#.##..#.#
#.##........# #.#.##.....
#.##........# #####.#.##..#.#
#.##........# #...........#.#
#.##........# #.##.##.###.#.# #.#
#.##.##.#......


You could see 3 gnolls.

Vanquished Creatures
  An adder (D:2)
  2 gnolls
  2 dart slugs (D:1)
  A ball python (D:1)
  5 bats
  3 endoplasms
  A giant cockroach (D:1)
  3 goblins
  3 hobgoblins
  2 jackals (D:1)
  2 quokkas
  3 frilled lizards
  A kobold (D:2)
  4 rats
33 creatures vanquished.

Notes
Turn   | Place    | Note
-------+----------+-------------------------------------------
     0 | D:1      | IdlyInterested the Demonspawn Gladiator began the quest for
                  | the Orb.
     0 | D:1      | Reached XP level 1. HP: 16/16 MP: 1/1
   299 | D:1      | Gained mutation: Your demonic aura sometimes causes spilled
                  | blood to erupt in flames. [demonic ancestry]
   299 | D:1      | Reached XP level 2. HP: 22/22 MP: 2/2
   349 | D:1      | Reached skill level 3 in Long Blades
   351 | D:1      | Reached skill level 1 in Armour
   585 | D:1      | Reached XP level 3. HP: 23/28 MP: 3/3
  1290 | D:2      | Reached skill level 1 in Stealth
  1460 | D:2      | Identified the +1 robe "Ohymegicw" {Int+3}
  1532 | D:2      | Slain by a gnoll

Illustrated notes

Levels and vault maps discovered:
D:1:      dpeg_arrival_shelter, layout_basic, serial_park_tiny_2
D:2:      layout_basic, kennysheep_boxes

Skill      XL: |  1  2  3 |
---------------+----------+-----
Long Blades    | 3 |  3.6
Armour         | 1 |  1.0
Stealth        | 1 |  1.0
Throwing       | 2 |  2.0
Fighting       | |  2.5
Dodging        | |  2.6

Action                     || total
---------------------------++-------
  Melee: Long sword        ||   108
    Use: Scroll            ||     2
   Stab: Sleeping          ||     2
 Armour: Leather armour    ||    28
  Dodge: Dodged            ||    92

Table legend: (Time is in decaauts)
 A = Elapsed time spent in this place.
 B = Non-inter-level travel time spent in this place.
 C = Inter-level travel time spent in this place.
 D = Time resting spent in this place.
 E = Time spent auto-exploring this place.
 F = Levels seen in this place.
 G = Mean time per level.
                   A        B        C        D        E       F      G
               +--------+--------+--------+--------+--------+-----+--------+
         Total |   1559 |   1409 |    150 |     82 |   1011 |   2 |  779.5 |
       Dungeon |   1559 |   1409 |    150 |     82 |   1011 |   2 |  779.5 |
               +--------+--------+--------+--------+--------+-----+--------+

Top non-repeatable levels by time:
     D:1: 1035 daAuts
     D:2: 523 daAuts
